 Dungeon Crawl Stone Soup version 0.27-a0-103-g6cd7b45605 (webtiles) character file.

Game seed: 2307824576051214514

60 Ishchenko the Insei (level 4, 0/35 HPs)
             Began as a Human Monk on Jan 23, 2021.
             Killed from afar by Natasha (4 damage)
             ... with a magic dart
             ... on level 2 of the Dungeon.
             The game lasted 00:01:55 (2216 turns).

Ishchenko the Insei (Human Monk)                    Turns: 2216, Time: 00:01:56

Health: 0/35       AC:  2    Str: 11    XL:     4   Next: 25%
Magic:  4/4        EV: 14    Int: 11    God:
Gold:   104        SH:  0    Dex: 16    Spells: 3/3 levels left

rFire    . . .     SeeInvis .     - Unarmed
rCold    . . .     Faith    .   (no shield)
rNeg     . . .     Spirit   .   a - +0 robe
rPois    .         Reflect  .   (no helmet)
rElec    .         Harm     .   (no cloak)
rCorr    .         Rampage  .   (no gloves)
Will     .....                  (no boots)
Stlth    ++........             (no amulet)
HPRegen  0.11/turn              (no ring)
MPRegen  0.09/turn              (no ring)

@: slowed, very slow
A: no striking features
a: no special abilities


You were on level 2 of the Dungeon.
You visited 1 branch of the dungeon, and saw 2 of its levels.

You collected 104 gold pieces.

Inventory:

Armour
 a - a +0 robe (worn)
Scrolls
 b - a scroll of fog {unknown}
 e - a scroll of identify {unknown}
 f - 2 scrolls of teleportation {unknown}
 g - 2 scrolls of remove curse {unknown}
Potions
 c - a potion of magic {unknown}
 d - 2 potions of might {unknown}


   Skills:
 + Level 3.3 Fighting
 + Level 3.5 Dodging
 + Level 2.3 Stealth
 + Level 4.0 Unarmed Combat


You had 3 spell levels left.
You didn't know any spells.
Your spell library was empty.

Dungeon Overview and Level Annotations

Branches:
Dungeon (2/15)

Altars:
Nemelex Xobeh

Annotations:
D:2 Natasha


Message History

Natasha is almost dead.
The shadow imp disappears in a puff of smoke!
Natasha misses you.
You barely miss Natasha.
Natasha is almost dead.
Natasha stares at you and mumbles some strange words.
You feel yourself slow down.
You hit Natasha.
Natasha is almost dead.
Natasha claws you.
* * * LOW HITPOINT WARNING * * *
You closely miss Natasha.
Natasha is almost dead.
Natasha misses you. Natasha claws you!
* * * LOW HITPOINT WARNING * * *
You barely miss Natasha.
Natasha is almost dead.
Natasha stares at you and mumbles some strange words.
The magic dart hits you.
You die...

#...# ...
#......
#.### ###
#...... #.#
#...... #.#
#......
#.####
#..†...
#....#
#####.#
####.#
###### #.#
#.#
#.....###.#
#@#
#..........
#h#
#.....###.#
#.#
#.........#
#.####
#.##.####.#
#....# # #.
#..
####5### #.
#.# #....$#
## #.#
#..##.#.#
..#
#.......#
.###


You could see Natasha.

Vanquished Creatures
  3 adders (D:2)
  A worm (D:2)
  2 dart slugs (D:1)
  A leopard gecko (D:2)
  A giant cockroach (D:2)
  A goblin (D:2)
  3 hobgoblins
  5 jackals
  2 bats (D:1)
  4 frilled lizards
  4 kobolds (D:1)
  2 rats
29 creatures vanquished.

Notes
Turn   | Place    | Note
-------+----------+-------------------------------------------
     0 | D:1      | Ishchenko the Human Monk began the quest for the Orb.
     0 | D:1      | Reached XP level 1. HP: 18/18 MP: 1/1
   281 | D:1      | Reached XP level 2. HP: 24/24 MP: 2/2
   990 | D:2      | Reached XP level 3. HP: 10/29 MP: 3/3
  1344 | D:2      | Found a sparkling altar of Nemelex Xobeh.
  2003 | D:2      | Reached XP level 4. HP: 26/35 MP: 4/4
  2186 | D:2      | Noticed Natasha
  2197 | D:2      | Reached skill level 4 in Unarmed Combat
  2216 | D:2      | Killed from afar by Natasha

Illustrated notes

Levels and vault maps discovered:
D:1:      dpeg_arrival_simpleton_a, layout_rooms, grunt_decor_cap
D:2:      layout_basic, lemuel_crystal_altar, general_overflow_altar,
          grunt_temple_overflow_open, uniq_natasha

Skill      XL: |  1  2  3  4 |
---------------+-------------+-----
Unarmed Combat | 4 |  4.0
Fighting       | |  3.3
Dodging        | |  3.5
Stealth        | |  2.3

Action                   |  1- 3 |  4- 6 || total
-------------------------+-------+-------++-------
Melee: Unarmed           |   113 |    22 ||   135
       Punch             |     2 |     1 ||     3
 Stab: Sleeping          |     5 |       ||     5
Armor: Robe              |    14 |     1 ||    15
Dodge: Dodged            |    79 |    20 ||    99

Table legend: (Time is in decaauts)
 A = Elapsed time spent in this place.
 B = Non-inter-level travel time spent in this place.
 C = Inter-level travel time spent in this place.
 D = Time resting spent in this place.
 E = Time spent auto-exploring this place.
 F = Levels seen in this place.
 G = Mean time per level.
                   A        B        C        D        E       F      G
               +--------+--------+--------+--------+--------+-----+--------+
         Total |   2208 |   2203 |      5 |   1290 |    643 |   2 | 1104.0 |
       Dungeon |   2208 |   2203 |      5 |   1290 |    643 |   2 | 1104.0 |
               +--------+--------+--------+--------+--------+-----+--------+

Top non-repeatable levels by time:
     D:2: 1231 daAuts
     D:1: 976 daAuts
